 Dungeon Crawl Stone Soup version 0.30-a0-715-gdb4ae3ece1 (webtiles) character file.

Game seed: 9464612441640516732

105 Shayle the Conjurer (level 4, -2/34 HPs)
             Began as a Demonspawn Reaver on Jan 24, 2023.
             Slain by a goblin
             ... wielding a +0 club
             ... led by Robin
              (6 damage)
             ... on level 2 of the Dungeon.
             The game lasted 00:07:09 (1594 turns).

Shayle the Conjurer (Demonspawn Reaver)             Turns: 1594, Time: 00:07:09

Health: -2/34      AC:  3    Str: 11 (13) XL:     4   Next: 54%
Magic:  7/7        EV: 11    Int: 14 (16) God:
Gold:   67         SH:  0    Dex:  9 (11) Spells: 6/7 levels left

rFire   . . .      SeeInvis .    a - +0 spear
rCold   . . .      Faith    .    d - +0 buckler
rNeg    . . .      Spirit   .    b - +0 leather armour
rPois   .          Reflect  .    (no helmet)
rElec   .          Harm     .    (no cloak)
rCorr   .          Rampage  .    (no gloves)
Will    .....                    (no boots)
Stlth   +                        (no amulet)
HPRegen 0.25/turn                (no ring)
MPRegen 0.10/turn                (no ring)

@: confused
A: weakness stinger 1
a: no special abilities


You were on level 2 of the Dungeon.
You visited 1 branch of the dungeon, and saw 2 of its levels.

You collected 67 gold pieces.

Inventory:

Hand Weapons
 a - a +0 spear (weapon)
Armour
 b - a +0 leather armour (worn)
 d - a +0 buckler (worn)
Scrolls
 c - a scroll of enchant armour {unknown}
Potions
 e - a potion of magic {unknown}
 f - 2 potions of curing


   Skills:
 + Level 2.9 Fighting
 - Level 2.6 Polearms
 + Level 2.6 Dodging
 + Level 1.9 Stealth
 - Level 2.0 Spellcasting
 - Level 3.0 Conjurations
 + Level 2.0 Hexes


You had 6 spell levels left.
You knew the following spells:

 Your Spells              Type           Power      Damage    Failure   Level
a - Kiss of Death         Conj/Necr      20%        2d7       24%         1

Your spell library contained the following spells:

 Spells                   Type           Power      Damage    Failure   Level
 Momentum Strike          Conj/Tloc      10%        3d8       34%         2
 Tukima's Dance           Hex            7%         N/A       50%         3
 Hailstorm                Conj/Ice       5%         3d4       56%         3
 Portal Projectile        Hex/Tloc       8%         N/A       65%         3
 Blade Hands              Tmut           0%         N/A       100%        5


Dungeon Overview and Level Annotations

Branches:
Dungeon (2/15)

Altars:
Xom

Annotations:
D:2 Robin


Innate Abilities, Weirdness & Mutations

You have a small tail.


Message History

You hit the goblin but do no damage. The goblin hits you with a +0 club.
You hit the goblin.
The goblin is heavily wounded.
The goblin barely misses you.
You hit the goblin.
You kill the goblin!
Your Hexes skill increases to level 2!
You now have 67 gold pieces (gained 11).
Things that are here:
a +0 club; a worm corpse Robin of the Strong Arm comes into view.
They are wielding a +0 dagger and carrying a wand of light (7).
Okay, then.
Casting: Kiss of Death (safe; 24% risk of failure)
Confirm with . or Enter, or press ? or * to list all spells.
Okay, then.
Robin shouts!
You hear a shout! x4
Robin roars a battlecry!
Robin roars a battlecry!
You hear a shout! x2
Reach: a) +0 spear
Press: ? - help, Dir - move target, f - Robin
Aim: Robin, wielding a +0 dagger, wearing a +0 animal skin, wearing a +0 helmet and carrying a wand of light (7) (about 33% to evade your +0 spear)
You reach to attack!
You hit Robin.
Robin is lightly wounded.
Robin throws the goblin at you!
A goblin comes into view. It is wielding a +0 dagger.
The goblin shouts!
The goblin moves out of view.
You hit Robin but do no damage.
Robin is lightly wounded.
The goblin closely misses you.
You hit Robin but do no damage. The goblin barely misses you.
Robin says, "My goblins will feast on your bones."
Robin zaps a wand.
The bolt of light hits you!!
You are confused.
Ouch! That really hurt!
* * * LOW HITPOINT WARNING * * *
You hear a shout!
You're too confused to move!
The goblin hits you with a +0 club.
You die...

#..##### #.# #..# # #.#
#..# # #.# #..# ..# #..#
###.### #..# ..g.. #..#
########g########..#####
#..)).g@................
#†###############..#####
#)# #..# #.# #####..#
#.# ##......#
#.##########...###.#
#.....)...g.###.##.#
#..######...# #.##.#
#).# #.#.###.##.#


You could see Robin and 2 goblins.

Vanquished Creatures
  Jessica (D:2)
  An adder (D:2)
  A gnoll (D:2)
  A worm (D:2)
  A dart slug (D:2)
  3 orcs (D:2)
  4 bats
  7 endoplasms
  6 goblins (D:2)
  6 hobgoblins
  2 quokkas
  5 ball pythons
  A frilled lizard (D:1)
  5 kobolds
  5 rats
49 creatures vanquished.

Notes
Turn   | Place    | Note
-------+----------+-------------------------------------------
     0 | D:1      | Shayle the Demonspawn Reaver began the quest for the Orb.
     0 | D:1      | Reached XP level 1. HP: 16/16 MP: 3/3
   152 | D:1      | Gained mutation: You have a small tail. [demonic ancestry]
   152 | D:1      | Reached XP level 2. HP: 17/22 MP: 5/5
   448 | D:1      | Found a faded altar of an unknown god.
   481 | D:1      | Reached skill level 1 in Stealth
   481 | D:1      | Reached skill level 1 in Hexes
   842 | D:2      | Reached XP level 3. HP: 24/28 MP: 6/6
   929 | D:2      | Noticed Jessica
   942 | D:2      | Killed Jessica
  1099 | D:2      | Found a shimmering altar of Xom.
  1194 | D:2      | Reached XP level 4. HP: 24/32 MP: 7/7
  1587 | D:2      | Noticed Robin
  1594 | D:2      | Slain by a goblin

Illustrated notes

Levels and vault maps discovered:
D:1:      tarquinn_simple_flora_water_d, layout_loops_ring,
          dreamdust_ecumenical_altar_grove, chequers_serial_rivers_small_a
D:2:      layout_loops_ring, basic_altar, serial_shops, nicolae_diamond_shop,
          uniq_jessica, uniq_crazy_yiuf_cottage, uniq_robin

Skill      XL: |  1  2  3  4 |
---------------+-------------+-----
Dodging        | 2 |  2.6
Stealth        | 1 |  1.9
Hexes          | 1 2 |  2.0
Fighting       | |  2.9
Polearms       | |  2.6
Spellcasting   | |  2.0
Conjurations   | |  3.0

Action                     |  1- 3 |  4- 6 || total
---------------------------+-------+-------++-------
  Melee: Spear             |   133 |    58 ||   191
         Tailslap          |    12 |     7 ||    19
   Cast: Kiss of Death     |     1 |       ||     1
    Use: Potion            |     3 |     1 ||     4
         Scroll            |       |     1 ||     1
   Stab: Sleeping          |     1 |     1 ||     2
 Armour: Leather armour    |    35 |     9 ||    44
  Dodge: Dodged            |    63 |    16 ||    79
  Block: Buckler           |    19 |     5 ||    24

Table legend: (Time is in decaauts)
 A = Elapsed time spent in this place.
 B = Non-inter-level travel time spent in this place.
 C = Inter-level travel time spent in this place.
 D = Time resting spent in this place.
 E = Time spent auto-exploring this place.
 F = Levels seen in this place.
 G = Mean time per level.
                   A        B        C        D        E       F      G
               +--------+--------+--------+--------+--------+-----+--------+
         Total |   1599 |   1582 |     17 |    169 |    872 |   2 |  799.5 |
       Dungeon |   1599 |   1582 |     17 |    169 |    872 |   2 |  799.5 |
               +--------+--------+--------+--------+--------+-----+--------+

Top non-repeatable levels by time:
     D:1: 817 daAuts
     D:2: 781 daAuts
